Penguins vs Nordiques
(R1)
Created - February 18, 2020 at 22:59
Goals
|
| Penguins |
0 |
1 |
2 |
3 |
| Nordiques |
0 |
1 |
0 |
1 |
|
Shots
|
| Penguins |
6 |
13 |
9 |
28 |
| Nordiques |
4 |
19 |
7 |
30 |
|
1st period
No Goal
Penalties :
R.J. Umberger (Que) for Hooking (Minor) at 1:34, Joe Colborne (Pit) for Boarding (Minor) at 9:58, David Legwand (Que) for Tripping (Minor) at 15:18
2nd period
1. Nordiques , R.J. Umberger 21 (Tim Connolly 18) at 15:13 (PP)
2. Penguins , Claude Giroux 29 (Steven Stamkos 34) at 15:25 (SH)
Penalties :
T.J. Fast (Que) for Hooking (Minor) at 3:32, David Legwand (Que) for Cross-checking (Minor) at 11:39, Keith Aulie (Pit) for Roughing (Minor) at 13:59, Danny DeKeiser (Pit) for Hooking (Minor) at 14:46
3rd period
3. Penguins , Claude Giroux 30 (Steven Stamkos 35) at 3:31 (PP)
4. Penguins , Marcus Foligno 11 (Danny DeKeiser 8, Logan Couture 14) at 17:47
Penalties :
R.J. Umberger (Que) for Hooking (Minor) at 3:25, Trevor Daley (Que) for Holding (Minor) at 6:46, Mike Fisher (Que) for Holding (Minor) at 10:05, Jiri Hudler (Que) for Tripping (Minor) at 15:31, Joe Colborne (Pit) for Hooking (Minor) at 19:23
Goalie Stats
Michal Neuvirth (Pit), 29 saves from 30 shots - (0.967), W, 22-12-4, 60:00 minutes
Jonathan Quick (Que), 25 saves from 28 shots - (0.893), L, 19-9-2, 60:00 minutes
Players Stats for Penguins
Player Name G A P +/- PIM S H SB GA TA FO MP PP MP PK MP
------------------------------------------------------------------------------------
Ales Hemsky 0 0 0 0 0 0 1 0 3 0 0/0 8:26 0:59 0:00
Andrew Cogliano 0 0 0 0 0 1 1 0 0 2 2/3 16:00 3:30 0:10
Cal Clutterbuck 0 0 0 0 0 0 0 0 1 1 0/0 9:33 0:00 1:12
Clarke MacArthur 0 0 0 0 0 1 0 0 1 0 0/0 11:33 2:45 0:00
Claude Giroux 2 0 2 1 0 4 3 0 2 1 1/2 24:59 6:39 3:59
Danny DeKeiser 0 1 1 1 2 0 1 1 0 2 0/0 19:55 4:59 2:17
Dougie Hamilton 0 0 0 1 0 1 1 0 0 0 0/0 24:39 8:11 1:07
Dustin Brown 0 0 0 1 0 3 3 0 0 0 0/0 16:44 6:21 0:00
Eric Gryba 0 0 0 0 0 2 1 0 0 0 0/0 15:26 0:49 1:56
Joe Colborne 0 0 0 0 4 2 1 2 1 1 1/6 10:47 0:55 0:00
Keith Aulie 0 0 0 1 2 0 2 1 0 2 0/0 19:42 4:59 1:29
Logan Couture 0 1 1 1 0 4 1 0 1 0 7/17 19:53 7:38 1:22
Marcus Foligno 1 0 1 1 0 3 1 1 0 1 0/0 16:50 6:27 0:00
Michael Raffl 0 0 0 0 0 0 2 0 0 0 0/0 7:24 0:00 0:00
Roman Josi 0 0 0 0 0 1 0 3 0 1 0/0 12:53 0:49 0:00
Sean Zimmerman 0 0 0 1 0 1 0 1 0 0 0/0 27:24 8:11 3:52
Steven Stamkos 0 2 2 1 0 5 2 0 4 0 12/33 24:36 6:43 3:32
Tomas Plekanec 0 0 0 0 0 0 0 2 0 0 1/1 7:24 0:00 0:00
Players Stats for Nordiques
Player Name G A P +/- PIM S H SB GA TA FO MP PP MP PK MP
------------------------------------------------------------------------------------
Adam Pineault 0 0 0 0 0 1 0 0 0 0 0/0 4:58 0:00 0:00
David Legwand 0 0 0 -1 4 2 1 0 0 0 15/24 16:46 3:01 2:51
Dustin Byfuglien 0 0 0 0 0 1 0 1 0 0 0/0 11:56 0:00 1:43
Evander Kane 0 0 0 -2 0 2 2 0 2 1 0/1 21:54 3:01 7:28
Fedor Tyutin 0 0 0 0 0 2 1 1 1 2 0/0 21:01 2:07 6:00
Jay Bouwmeester 0 0 0 -2 0 1 3 2 2 1 0/0 29:02 3:14 7:24
Jiri Hudler 0 0 0 -1 2 0 1 0 0 1 0/0 15:18 2:20 0:00
Maxim Talbot 0 0 0 0 0 1 0 1 1 0 4/6 12:04 0:00 0:37
Mike Brown 0 0 0 0 0 2 1 0 0 0 1/2 14:45 0:00 3:15
Mike Fisher 0 0 0 0 2 0 0 0 0 0 2/4 5:01 0:00 0:00
Paul Gaustad 0 0 0 0 0 0 1 0 0 0 0/0 1:01 0:00 0:00
R.J. Umberger 1 0 1 0 4 6 3 0 2 0 0/1 15:00 2:20 0:00
Ryan Ellis 0 0 0 -2 0 4 0 0 0 3 0/0 29:02 3:14 7:24
T.J. Fast 0 0 0 0 2 1 1 0 0 2 0/0 9:48 0:00 0:25
Tim Connolly 0 1 1 0 0 3 4 0 1 0 6/9 19:36 2:20 4:27
Trevor Daley 0 0 0 0 2 1 3 0 1 1 0/0 19:30 2:07 5:02
Vladimir Tarasenko 0 0 0 -2 0 3 4 0 1 2 10/14 25:48 3:01 7:25
Zac Rinaldo 0 0 0 0 0 0 0 0 0 0 0/1 13:23 0:00 1:55
3 Stars
1 - Claude Giroux (Pit)
2 - Michal Neuvirth (Pit)
3 - Steven Stamkos (Pit)
Power Play
Penguins - 1 on 8 Attempt(s) - 12.50%
Nordiques - 1 on 4 Attempt(s) - 25.00%
Penalty Kill
Penguins - 3 on 4 Attempt(s) - 75.00%
- Score 1 goal in Penalty Kill
Nordiques - 7 on 8 Attempt(s) - 87.50%
- Score 0 goal in Penalty Kill
Team Stat
Penguins - Hits : 20 - Faceoff Wins : 24 - Blocked Shots : 11 - Penalty Minutes : 8
Nordiques - Hits : 25 - Faceoff Wins : 38 - Blocked Shots : 5 - Penalty Minutes : 16
Official
Referees : Unknown
Linesman : Unknown
Game Notes
Andrew Cogliano is injured at 6:41 of 3rd period (Sprained Left Finger)
Finance
Level 1 -- Attendance: 4694 (78.23%) -- Ticket Income $586,750
Level 2 -- Attendance: 3657 (73.14%) -- Ticket Income $274,275
Level 3 -- Attendance: 1404 (70.20%) -- Ticket Income $70,200
Level 4 -- Attendance: 2565 (64.13%) -- Ticket Income $102,600
Luxury Box -- Attendance: 791 (79.10%) -- Ticket Income $150,290
Game was played at the Centre Videotron.
Total Attendance: 13111 (72.84%)
Total Ticket Income: $1,184,115
Other Income: $177,617
Total Income: $1,361,732
Penguins
5 vs 5 Forward
Center Left Wing Right Wing Time % Phy DF OF
1 Steven Stamkos Andrew Cogliano Claude Giroux 40 0 1 4
2 Logan Couture Marcus Foligno Dustin Brown 30 0 1 4
3 Joe Colborne Clarke MacArthur Cal Clutterbuck 20 0 1 4
4 Tomas Plekanec Michael Raffl Ales Hemsky 10 0 1 4
5 vs 5 Defense
Defense Defense Time % Phy DF OF
1 Sean Zimmerman Dougie Hamilton 44 1 2 2
2 Keith Aulie Danny DeKeiser 33 1 2 2
3 Roman Josi Eric Gryba 23 1 2 2
4 Sean Zimmerman Dougie Hamilton 0 1 2 2
PowerPlay Forward
Center Left Wing Right Wing Time % Phy DF OF
1 Steven Stamkos Andrew Cogliano Claude Giroux 60 0 1 4
2 Logan Couture Marcus Foligno Dustin Brown 40 0 1 4
PowerPlay Defense
Defense Defense Time % Phy DF OF
1 Sean Zimmerman Dougie Hamilton 60 1 1 3
2 Keith Aulie Danny DeKeiser 40 1 1 3
Penalty Kill 4 Players Forward
Center Wing Time % Phy DF OF
1 Steven Stamkos Claude Giroux 60 1 4 0
2 Logan Couture Cal Clutterbuck 40 1 4 0
Penalty Kill 4 Players Defense
Defense Defense Time % Phy DF OF
1 Sean Zimmerman Danny DeKeiser 60 1 4 0
2 Keith Aulie Eric Gryba 40 1 4 0
Penalty Kill - 3 Players Forward
Forward Time % Phy DF OF
1 Claude Giroux 60 1 4 0
2 Logan Couture 40 1 4 0
Penalty Kill - 3 Players Defense
Defense Defense Time % Phy DF OF
1 Sean Zimmerman Danny DeKeiser 60 1 4 0
2 Keith Aulie Eric Gryba 40 1 4 0
4 vs 4 Forward
Center Wing Time % Phy DF OF
1 Steven Stamkos Claude Giroux 60 1 1 3
2 Logan Couture Dustin Brown 40 1 1 3
4 vs 4 Defense
Defense Defense Time % Phy DF OF
1 Sean Zimmerman Dougie Hamilton 60 1 2 2
2 Keith Aulie Danny DeKeiser 40 1 2 2
Last Minutes Offensive
Center Left Wing Right Wing Defense Defense
Steven Stamkos Andrew Cogliano Claude Giroux Sean Zimmerman Dougie Hamilton
Last Minutes Defensive
Center Left Wing Right Wing Defense Defense
Steven Stamkos Andrew Cogliano Claude Giroux Sean Zimmerman Danny DeKeiser
Goaltenders
Starting : Michal Neuvirth
Backup : Sergei Bobrovsky
Extra Forwards
Normal : Steven Stamkos, Logan Couture, Joe Colborne - PP : Steven Stamkos, Logan Couture - PK : Claude Giroux
Extra Defensemen
Normal : Sean Zimmerman, Danny DeKeiser, Eric Gryba - PP : Danny DeKeiser - PK : Sean Zimmerman, Danny DeKeiser
Penalty Shots
Andrew Cogliano, Claude Giroux, Steven Stamkos, Logan Couture, Marcus Foligno
Scratches
Dennis Wideman (Healthy)
Nordiques
5 vs 5 Forward
Center Left Wing Right Wing Time % Phy DF OF
1 David Legwand Evander Kane Vladimir Tarasenko 40 1 2 2
2 Tim Connolly R.J. Umberger Jiri Hudler 30 1 2 2
3 Maxim Talbot Zac Rinaldo Mike Brown 20 1 2 2
4 Mike Fisher Vladimir Tarasenko Adam Pineault 10 1 2 2
5 vs 5 Defense
Defense Defense Time % Phy DF OF
1 Ryan Ellis Jay Bouwmeester 40 1 2 2
2 Fedor Tyutin Trevor Daley 30 1 2 2
3 T.J. Fast Dustin Byfuglien 20 1 2 2
4 Ryan Ellis Jay Bouwmeester 10 1 2 2
PowerPlay Forward
Center Left Wing Right Wing Time % Phy DF OF
1 David Legwand Evander Kane Vladimir Tarasenko 60 1 2 2
2 Tim Connolly R.J. Umberger Jiri Hudler 40 1 2 2
PowerPlay Defense
Defense Defense Time % Phy DF OF
1 Ryan Ellis Jay Bouwmeester 60 1 2 2
2 Fedor Tyutin Trevor Daley 40 1 2 2
Penalty Kill 4 Players Forward
Center Wing Time % Phy DF OF
1 Vladimir Tarasenko Evander Kane 60 1 2 2
2 David Legwand Tim Connolly 40 1 2 2
Penalty Kill 4 Players Defense
Defense Defense Time % Phy DF OF
1 Ryan Ellis Jay Bouwmeester 60 1 2 2
2 Fedor Tyutin Trevor Daley 40 1 2 2
Penalty Kill - 3 Players Forward
Forward Time % Phy DF OF
1 Vladimir Tarasenko 60 1 2 2
2 Evander Kane 40 1 2 2
Penalty Kill - 3 Players Defense
Defense Defense Time % Phy DF OF
1 Ryan Ellis Jay Bouwmeester 60 1 2 2
2 Fedor Tyutin Trevor Daley 40 1 2 2
4 vs 4 Forward
Center Wing Time % Phy DF OF
1 Vladimir Tarasenko Evander Kane 60 1 2 2
2 David Legwand Tim Connolly 40 1 2 2
4 vs 4 Defense
Defense Defense Time % Phy DF OF
1 Ryan Ellis Jay Bouwmeester 60 1 2 2
2 Fedor Tyutin Trevor Daley 40 1 2 2
Last Minutes Offensive
Center Left Wing Right Wing Defense Defense
David Legwand Evander Kane Vladimir Tarasenko Ryan Ellis Jay Bouwmeester
Last Minutes Defensive
Center Left Wing Right Wing Defense Defense
David Legwand Evander Kane Vladimir Tarasenko Ryan Ellis Jay Bouwmeester
Goaltenders
Starting : Jonathan Quick
Backup : Julien Ellis
Extra Forwards
Normal : Paul Gaustad, Maxim Talbot, Mike Brown - PP : Paul Gaustad, Maxim Talbot - PK : Mike Brown
Extra Defensemen
Normal : T.J. Fast, Dustin Byfuglien, Fedor Tyutin - PP : T.J. Fast - PK : Dustin Byfuglien, Fedor Tyutin
Penalty Shots
Vladimir Tarasenko, Evander Kane, David Legwand, Tim Connolly, R.J. Umberger
Scratches
Cody McLeod (Healthy), Matt Gilroy (Healthy), James Sheppard (Healthy)
% Time on Ice - Penguins
Lines # - Real PCT - Wanted PCT - Time Play
Normal Forward
1 - 36% - 40% - 14:32
2 - 26% - 30% - 10:24
3 - 20% - 20% - 8:20
4 - 18% - 10% - 7:24
Normal Defense
1 - 38% - 44% - 15:37
2 - 33% - 33% - 13:15
3 - 29% - 23% - 11:48
4 - 0% - 0% - 0:00
PP Forward
1 - 55% - 60% - 7:38
2 - 45% - 40% - 6:21
PP Defense
1 - 64% - 60% - 9:00
2 - 36% - 40% - 4:59
PK Forward
1 - 76% - 60% - 3:42
2 - 24% - 40% - 1:12
PK Defense
1 - 70% - 60% - 3:25
2 - 30% - 40% - 1:29
PK3 Forward
1 - 100% - 60% - 0:27
2 - 0% - 40% - 0:00
PK3 Defense
1 - 0% - 60% - 0:00
2 - 100% - 40% - 0:27
44 Forward
1 - 0% - 60%
2 - 0% - 40%
44 Defense
1 - 0% - 60%
2 - 0% - 40%
Last Minute Offensive - 0:00
Last Minute Defensive - 0:00
Total
Forward - 60:00
Defense - 60:00
|
% Time on Ice - Nordiques
Lines # - Real PCT - Wanted PCT - Time Play
Normal Forward
1 - 28% - 40% - 11:27
2 - 32% - 30% - 12:49
3 - 28% - 20% - 11:26
4 - 12% - 10% - 4:58
Normal Defense
1 - 44% - 40% - 17:42
2 - 32% - 30% - 12:54
3 - 23% - 20% - 9:22
4 - 2% - 10% - 0:42
PP Forward
1 - 56% - 60% - 3:01
2 - 44% - 40% - 2:20
PP Defense
1 - 60% - 60% - 3:14
2 - 40% - 40% - 2:07
PK Forward
1 - 68% - 60% - 9:32
2 - 32% - 40% - 4:27
PK Defense
1 - 56% - 60% - 7:49
2 - 44% - 40% - 6:10
PK3 Forward
1 - 0% - 60%
2 - 0% - 40%
PK3 Defense
1 - 0% - 60%
2 - 0% - 40%
44 Forward
1 - 0% - 60%
2 - 0% - 40%
44 Defense
1 - 0% - 60%
2 - 0% - 40%
Last Minute Offensive - 0:00
Last Minute Defensive - 0:00
Total
Forward - 60:00
Defense - 60:00
|
Play-by-Play
1st period
0:01 of 1st period - Steven Stamkos wins face-off versus David Legwand in neutral zone.
0:09 of 1st period - Off-side.
0:10 of 1st period - Steven Stamkos wins face-off versus David Legwand in neutral zone.
0:15 of 1st period - Icing by Claude Giroux.
0:16 of 1st period - Tim Connolly wins face-off versus Steven Stamkos in Penguins zone.
0:17 of 1st period - Wrist shot by R.J. Umberger.
0:17 of 1st period - Deflect By Sean Zimmerman.
0:17 of 1st period - Stopped by Michal Neuvirth with a rebound.
1:21 of 1st period - Wrist shot by Claude Giroux.
1:21 of 1st period - Stopped by Jonathan Quick without a rebound.
1:22 of 1st period - Logan Couture wins face-off versus Tim Connolly in Nordiques zone.
1:34 of 1st period - Minor Penalty to R.J. Umberger for Hooking.
1:35 of 1st period - Vladimir Tarasenko wins face-off versus Logan Couture in Nordiques zone.
1:52 of 1st period - Evander Kane is hit by Marcus Foligno.
2:02 of 1st period - Trevor Daley is hit by Steven Stamkos and loses puck.
3:34 of 1st period - Penalty to R.J. Umberger is over, R.J. Umberger is back on ice.
5:03 of 1st period - Cal Clutterbuck is hit by Jay Bouwmeester and loses puck.
5:20 of 1st period - Snap shot by Tim Connolly.
5:20 of 1st period - Shot Misses the Net.
5:24 of 1st period - Snap shot by Tim Connolly.
5:24 of 1st period - Stopped by Michal Neuvirth with a rebound.
5:39 of 1st period - Off-side.
5:40 of 1st period - Tomas Plekanec wins face-off versus Maxim Talbot in neutral zone.
6:03 of 1st period - Fedor Tyutin is hit by Eric Gryba and loses puck.
6:59 of 1st period - Danny DeKeiser is hit by Tim Connolly and loses puck.
7:07 of 1st period - Icing by Cal Clutterbuck.
7:08 of 1st period - Logan Couture wins face-off versus Zac Rinaldo in Penguins zone.
7:13 of 1st period - Snap shot by Marcus Foligno.
7:13 of 1st period - Shot Blocked by Dustin Byfuglien.
7:15 of 1st period - Slapshot by Marcus Foligno.
7:15 of 1st period - Stopped by Jonathan Quick without a rebound.
7:16 of 1st period - Logan Couture wins face-off versus David Legwand in Nordiques zone.
7:23 of 1st period - Snap shot by Marcus Foligno.
7:23 of 1st period - Shot Misses the Net.
7:49 of 1st period - Tim Connolly is hit by Claude Giroux.
8:04 of 1st period - Icing by Ryan Ellis.
8:05 of 1st period - Tim Connolly wins face-off versus Logan Couture in Nordiques zone.
8:31 of 1st period - Snap shot by Vladimir Tarasenko.
8:31 of 1st period - Shot Misses the Net.
8:39 of 1st period - Snap shot by Keith Aulie.
8:39 of 1st period - Shot Blocked by Jay Bouwmeester.
8:41 of 1st period - Slapshot by Keith Aulie.
8:41 of 1st period - Shot Misses the Net.
9:30 of 1st period - Wrist shot by Maxim Talbot.
9:30 of 1st period - Stopped by Michal Neuvirth with a rebound.
9:58 of 1st period - Minor Penalty to Joe Colborne for Boarding.
9:59 of 1st period - Vladimir Tarasenko wins face-off versus Steven Stamkos in Penguins zone.
9:59 of 1st period - Wrist shot by David Legwand.
9:59 of 1st period - Deflect By Evander Kane.
9:59 of 1st period - Stopped by Michal Neuvirth without a rebound.
10:00 of 1st period - David Legwand wins face-off versus Steven Stamkos in Penguins zone.
10:15 of 1st period - Sean Zimmerman is hit by Vladimir Tarasenko and loses puck.
10:54 of 1st period - Snap shot by Logan Couture.
10:54 of 1st period - Stopped by Jonathan Quick with a rebound.
10:56 of 1st period - Slapshot by Eric Gryba.
10:56 of 1st period - Deflect By Trevor Daley.
10:56 of 1st period - Stopped by Jonathan Quick without a rebound.
10:57 of 1st period - Steven Stamkos wins face-off versus Tim Connolly in Nordiques zone.
11:22 of 1st period - Keith Aulie is hit by Vladimir Tarasenko and loses puck.
11:58 of 1st period - Penalty to Joe Colborne is over, Joe Colborne is back on ice.
12:08 of 1st period - Keith Aulie is hit by Trevor Daley and loses puck.
12:17 of 1st period - Maxim Talbot is hit by Keith Aulie.
12:31 of 1st period - Wrist shot by Clarke MacArthur.
12:31 of 1st period - Shot Misses the Net.
12:33 of 1st period - Slapshot by Eric Gryba.
12:33 of 1st period - Deflect By Clarke MacArthur.
12:33 of 1st period - Stopped by Jonathan Quick without a rebound.
12:34 of 1st period - Tim Connolly wins face-off versus Joe Colborne in Nordiques zone.
12:39 of 1st period - Clarke MacArthur is hit by R.J. Umberger and loses puck.
13:30 of 1st period - David Legwand is hit by Dustin Brown and loses puck.
13:43 of 1st period - Snap shot by Ales Hemsky.
13:43 of 1st period - Shot Misses the Net.
13:47 of 1st period - Slapshot by Ales Hemsky.
13:47 of 1st period - Shot Blocked by Jay Bouwmeester.
13:49 of 1st period - Slapshot by Roman Josi.
13:49 of 1st period - Stopped by Jonathan Quick with a rebound.
14:31 of 1st period - Ryan Ellis is hit by Claude Giroux and loses puck.
14:35 of 1st period - Icing by Jay Bouwmeester.
14:36 of 1st period - Logan Couture wins face-off versus Maxim Talbot in Nordiques zone.
15:01 of 1st period - Dougie Hamilton is hit by Trevor Daley and loses puck.
15:18 of 1st period - Minor Penalty to David Legwand for Tripping.
15:19 of 1st period - Steven Stamkos wins face-off versus Vladimir Tarasenko in Nordiques zone.
16:23 of 1st period - Mike Brown is hit by Danny DeKeiser and loses puck.
17:03 of 1st period - Dustin Brown is hit by Vladimir Tarasenko.
17:18 of 1st period - Penalty to David Legwand is over, David Legwand is back on ice.
18:05 of 1st period - Slapshot by Dustin Byfuglien.
18:05 of 1st period - Shot Misses the Net.
18:27 of 1st period - Dougie Hamilton is hit by Paul Gaustad and loses puck.
19:19 of 1st period - Logan Couture is hit by Jiri Hudler and loses puck.
19:56 of 1st period - Mike Fisher is hit by Keith Aulie and loses puck.
Goals for this period are 0 for Penguins vs 0 for Nordiques.
Shots for this period are 6 for Penguins vs 4 for Nordiques.
2nd period
0:01 of 2nd period - David Legwand wins face-off versus Andrew Cogliano in neutral zone.
0:35 of 2nd period - Slapshot by Ryan Ellis.
0:35 of 2nd period - Stopped by Michal Neuvirth without a rebound.
0:36 of 2nd period - Logan Couture wins face-off versus David Legwand in Penguins zone.
1:10 of 2nd period - Keith Aulie is hit by Tim Connolly and loses puck.
1:23 of 2nd period - Slapshot by Adam Pineault.
1:23 of 2nd period - Stopped by Michal Neuvirth with a rebound.
2:13 of 2nd period - Dustin Brown is hit by Jay Bouwmeester and loses puck.
2:44 of 2nd period - Steven Stamkos is hit by Mike Brown and loses puck.
2:58 of 2nd period - Icing by Steven Stamkos.
2:59 of 2nd period - Mike Fisher wins face-off versus Steven Stamkos in Penguins zone.
3:30 of 2nd period - Wrist shot by Steven Stamkos.
3:30 of 2nd period - Stopped by Jonathan Quick with a rebound.
3:32 of 2nd period - Minor Penalty to T.J. Fast for Hooking.
3:33 of 2nd period - Logan Couture wins face-off versus Vladimir Tarasenko in Nordiques zone.
3:46 of 2nd period - Wrist shot by Logan Couture.
3:46 of 2nd period - Shot Misses the Net.
3:48 of 2nd period - Slapshot by Dougie Hamilton.
3:48 of 2nd period - Shot Misses the Net.
4:04 of 2nd period - Jay Bouwmeester is hit by Logan Couture and loses puck.
5:32 of 2nd period - Penalty to T.J. Fast is over, T.J. Fast is back on ice.
5:47 of 2nd period - Wrist shot by Clarke MacArthur.
5:47 of 2nd period - Deflect By Joe Colborne.
5:47 of 2nd period - Stopped by Jonathan Quick without a rebound.
5:48 of 2nd period - Maxim Talbot wins face-off versus Joe Colborne in Nordiques zone.
5:53 of 2nd period - Dustin Byfuglien is hit by Dougie Hamilton and loses puck.
6:17 of 2nd period - Dustin Byfuglien is hit by Michael Raffl and loses puck.
6:34 of 2nd period - Slapshot by David Legwand.
6:34 of 2nd period - Shot Misses the Net.
6:36 of 2nd period - Snap shot by Trevor Daley.
6:36 of 2nd period - Stopped by Michal Neuvirth with a rebound.
6:38 of 2nd period - Slapshot by Fedor Tyutin.
6:38 of 2nd period - Stopped by Michal Neuvirth without a rebound.
6:39 of 2nd period - David Legwand wins face-off versus Claude Giroux in Penguins zone.
6:42 of 2nd period - Slapshot by Ryan Ellis.
6:42 of 2nd period - Stopped by Michal Neuvirth with a rebound.
6:44 of 2nd period - Slapshot by Evander Kane.
6:44 of 2nd period - Shot Blocked by Roman Josi.
6:46 of 2nd period - Slapshot by Jay Bouwmeester.
6:46 of 2nd period - Shot Blocked by Roman Josi.
6:48 of 2nd period - Backhand shot by Jay Bouwmeester.
6:48 of 2nd period - Stopped by Michal Neuvirth without a rebound.
6:49 of 2nd period - David Legwand wins face-off versus Steven Stamkos in Penguins zone.
6:58 of 2nd period - Snap shot by Evander Kane.
6:58 of 2nd period - Shot Misses the Net.
7:00 of 2nd period - Backhand shot by Jay Bouwmeester.
7:00 of 2nd period - Shot Misses the Net.
7:26 of 2nd period - Icing by Roman Josi.
7:27 of 2nd period - Steven Stamkos wins face-off versus R.J. Umberger in Penguins zone.
7:41 of 2nd period - Wrist shot by R.J. Umberger.
7:41 of 2nd period - Stopped by Michal Neuvirth without a rebound.
7:42 of 2nd period - David Legwand wins face-off versus Logan Couture in Penguins zone.
7:49 of 2nd period - Snap shot by David Legwand.
7:49 of 2nd period - Shot Misses the Net.
7:51 of 2nd period - Snap shot by Jay Bouwmeester.
7:51 of 2nd period - Shot Misses the Net.
7:53 of 2nd period - Slapshot by Vladimir Tarasenko.
7:53 of 2nd period - Stopped by Michal Neuvirth with a rebound.
7:55 of 2nd period - Wrist shot by Vladimir Tarasenko.
7:55 of 2nd period - Stopped by Michal Neuvirth without a rebound.
7:56 of 2nd period - Tim Connolly wins face-off versus Logan Couture in Penguins zone.
9:37 of 2nd period - Snap shot by Dustin Brown.
9:37 of 2nd period - Stopped by Jonathan Quick without a rebound.
9:38 of 2nd period - Maxim Talbot wins face-off versus Logan Couture in Nordiques zone.
9:53 of 2nd period - Wrist shot by Mike Brown.
9:53 of 2nd period - Stopped by Michal Neuvirth without a rebound.
9:54 of 2nd period - David Legwand wins face-off versus Steven Stamkos in Penguins zone.
10:01 of 2nd period - Wrist shot by David Legwand.
10:01 of 2nd period - Stopped by Michal Neuvirth without a rebound.
10:02 of 2nd period - David Legwand wins face-off versus Steven Stamkos in Penguins zone.
10:43 of 2nd period - Snap shot by David Legwand.
10:43 of 2nd period - Stopped by Michal Neuvirth with a rebound.
10:49 of 2nd period - Slapshot by Steven Stamkos.
10:49 of 2nd period - Stopped by Jonathan Quick with a rebound.
10:51 of 2nd period - Slapshot by Dougie Hamilton.
10:51 of 2nd period - Stopped by Jonathan Quick without a rebound.
10:52 of 2nd period - Tim Connolly wins face-off versus Logan Couture in Nordiques zone.
10:57 of 2nd period - Roman Josi is hit by R.J. Umberger.
11:01 of 2nd period - Slapshot by Dustin Brown.
11:01 of 2nd period - Stopped by Jonathan Quick without a rebound.
11:02 of 2nd period - Tim Connolly wins face-off versus Logan Couture in Nordiques zone.
11:13 of 2nd period - Slapshot by Eric Gryba.
11:13 of 2nd period - Shot Misses the Net.
11:15 of 2nd period - Slapshot by Eric Gryba.
11:15 of 2nd period - Stopped by Jonathan Quick without a rebound.
11:16 of 2nd period - Andrew Cogliano wins face-off versus David Legwand in Nordiques zone.
11:29 of 2nd period - Wrist shot by Claude Giroux.
11:29 of 2nd period - Shot Misses the Net.
11:31 of 2nd period - Snap shot by Andrew Cogliano.
11:31 of 2nd period - Stopped by Jonathan Quick with a rebound.
11:33 of 2nd period - Slapshot by Dougie Hamilton.
11:33 of 2nd period - Shot Misses the Net.
11:39 of 2nd period - Minor Penalty to David Legwand for Cross-checking.
11:40 of 2nd period - Vladimir Tarasenko wins face-off versus Steven Stamkos in Nordiques zone.
11:55 of 2nd period - Steven Stamkos is hit by Jay Bouwmeester and loses puck.
13:39 of 2nd period - Penalty to David Legwand is over, David Legwand is back on ice.
13:59 of 2nd period - Minor Penalty to Keith Aulie for Roughing.
14:00 of 2nd period - David Legwand wins face-off versus Steven Stamkos in Penguins zone.
14:02 of 2nd period - Snap shot by Vladimir Tarasenko.
14:02 of 2nd period - Stopped by Michal Neuvirth with a rebound.
14:04 of 2nd period - Slapshot by Ryan Ellis.
14:04 of 2nd period - Stopped by Michal Neuvirth without a rebound.
14:05 of 2nd period - David Legwand wins face-off versus Steven Stamkos in Penguins zone.
14:14 of 2nd period - Snap shot by Evander Kane.
14:14 of 2nd period - Shot Blocked by Sean Zimmerman.
14:16 of 2nd period - Slapshot by Vladimir Tarasenko.
14:16 of 2nd period - Shot Misses the Net.
14:38 of 2nd period - Wrist shot by Tim Connolly.
14:38 of 2nd period - Shot Misses the Net.
14:40 of 2nd period - Snap shot by Tim Connolly.
14:40 of 2nd period - Shot Blocked by Danny DeKeiser.
14:46 of 2nd period - Minor Penalty to Danny DeKeiser for Hooking.
14:47 of 2nd period - Claude Giroux wins face-off versus David Legwand in Penguins zone.
15:08 of 2nd period - Claude Giroux is hit by Tim Connolly and loses puck.
15:13 of 2nd period - Backhand shot by R.J. Umberger.
15:13 of 2nd period - Goal by R.J. Umberger - Penguins : 0 - Nordiques : 1.
15:14 of 2nd period - Steven Stamkos wins face-off versus David Legwand in neutral zone.
15:19 of 2nd period - Wrist shot by Claude Giroux.
15:19 of 2nd period - Shot Misses the Net.
15:21 of 2nd period - Slapshot by Sean Zimmerman.
15:21 of 2nd period - Stopped by Jonathan Quick with a rebound.
15:23 of 2nd period - Snap shot by Steven Stamkos.
15:23 of 2nd period - Stopped by Jonathan Quick without a rebound.
15:24 of 2nd period - Steven Stamkos wins face-off versus David Legwand in Nordiques zone.
15:25 of 2nd period - Snap shot by Claude Giroux.
15:25 of 2nd period - Goal by Claude Giroux - Penguins : 1 - Nordiques : 1.
15:26 of 2nd period - David Legwand wins face-off versus Steven Stamkos in neutral zone.
15:29 of 2nd period - Sean Zimmerman is hit by Evander Kane and loses puck.
15:34 of 2nd period - Snap shot by Evander Kane.
15:34 of 2nd period - Stopped by Michal Neuvirth with a rebound.
16:05 of 2nd period - Snap shot by R.J. Umberger.
16:05 of 2nd period - Shot Misses the Net.
16:31 of 2nd period - Steven Stamkos is hit by Trevor Daley.
16:46 of 2nd period - Penalty to Danny DeKeiser is over, Danny DeKeiser is back on ice.
16:53 of 2nd period - Mike Brown is hit by Michael Raffl and loses puck.
17:12 of 2nd period - Snap shot by Logan Couture.
17:12 of 2nd period - Stopped by Jonathan Quick without a rebound.
17:13 of 2nd period - Mike Fisher wins face-off versus Logan Couture in Nordiques zone.
17:24 of 2nd period - Wrist shot by Adam Pineault.
17:24 of 2nd period - Shot Misses the Net.
19:01 of 2nd period - Slapshot by Dustin Byfuglien.
19:01 of 2nd period - Stopped by Michal Neuvirth with a rebound.
19:03 of 2nd period - Snap shot by T.J. Fast.
19:03 of 2nd period - Stopped by Michal Neuvirth without a rebound.
19:04 of 2nd period - Joe Colborne wins face-off versus Mike Brown in Penguins zone.
19:15 of 2nd period - Wrist shot by Joe Colborne.
19:15 of 2nd period - Stopped by Jonathan Quick with a rebound.
19:17 of 2nd period - Snap shot by Joe Colborne.
19:17 of 2nd period - Shot Misses the Net.
19:43 of 2nd period - Slapshot by Ryan Ellis.
19:43 of 2nd period - Stopped by Michal Neuvirth without a rebound.
19:44 of 2nd period - Steven Stamkos wins face-off versus Evander Kane in Penguins zone.
Goals for this period are 1 for Penguins vs 1 for Nordiques.
Shots for this period are 13 for Penguins vs 19 for Nordiques.
3rd period
0:01 of 3rd period - David Legwand wins face-off versus Steven Stamkos in neutral zone.
0:10 of 3rd period - Jay Bouwmeester is hit by Andrew Cogliano.
0:32 of 3rd period - Slapshot by Marcus Foligno.
0:32 of 3rd period - Deflect By Dustin Brown.
0:32 of 3rd period - Shot Hit the Post.
0:32 of 3rd period - Puck is out of play.
0:33 of 3rd period - Vladimir Tarasenko wins face-off versus Logan Couture in Nordiques zone.
0:38 of 3rd period - Snap shot by Logan Couture.
0:38 of 3rd period - Stopped by Jonathan Quick with a rebound.
1:44 of 3rd period - Michael Raffl is hit by Vladimir Tarasenko and loses puck.
1:49 of 3rd period - Snap shot by David Legwand.
1:49 of 3rd period - Shot Blocked by Tomas Plekanec.
1:51 of 3rd period - Snap shot by Vladimir Tarasenko.
1:51 of 3rd period - Shot Misses the Net.
2:03 of 3rd period - Slapshot by Dougie Hamilton.
2:03 of 3rd period - Shot Misses the Net.
2:05 of 3rd period - Slapshot by Sean Zimmerman.
2:05 of 3rd period - Deflect By Logan Couture.
2:05 of 3rd period - Stopped by Jonathan Quick without a rebound.
2:06 of 3rd period - Vladimir Tarasenko wins face-off versus Logan Couture in Nordiques zone.
2:08 of 3rd period - Icing by Fedor Tyutin.
2:09 of 3rd period - Andrew Cogliano wins face-off versus Mike Fisher in Nordiques zone.
2:21 of 3rd period - Off-side.
2:22 of 3rd period - David Legwand wins face-off versus Steven Stamkos in neutral zone.
2:25 of 3rd period - Snap shot by Ryan Ellis.
2:25 of 3rd period - Shot Misses the Net.
3:25 of 3rd period - Minor Penalty to R.J. Umberger for Hooking.
3:26 of 3rd period - Vladimir Tarasenko wins face-off versus Steven Stamkos in Nordiques zone.
3:29 of 3rd period - Wrist shot by Claude Giroux.
3:29 of 3rd period - Stopped by Jonathan Quick without a rebound.
3:30 of 3rd period - Steven Stamkos wins face-off versus Vladimir Tarasenko in Nordiques zone.
3:31 of 3rd period - Wrist shot by Claude Giroux.
3:31 of 3rd period - Goal by Claude Giroux - Penguins : 2 - Nordiques : 1.
3:32 of 3rd period - David Legwand wins face-off versus Steven Stamkos in neutral zone.
4:08 of 3rd period - Snap shot by Dustin Brown.
4:08 of 3rd period - Stopped by Jonathan Quick without a rebound.
4:09 of 3rd period - David Legwand wins face-off versus Steven Stamkos in Nordiques zone.
4:18 of 3rd period - Danny DeKeiser is hit by Evander Kane and loses puck.
4:33 of 3rd period - Jiri Hudler is hit by Dustin Brown and loses puck.
5:23 of 3rd period - Slapshot by Vladimir Tarasenko.
5:23 of 3rd period - Shot Misses the Net.
6:00 of 3rd period - Dustin Brown is hit by T.J. Fast and loses puck.
6:14 of 3rd period - Off-side.
6:15 of 3rd period - Maxim Talbot wins face-off versus Joe Colborne in neutral zone.
6:40 of 3rd period - Andrew Cogliano is hit by David Legwand.
6:41 of 3rd period - Andrew Cogliano from Penguins is injured at 6:41 of 3rd period (Sprained Left Finger).
6:42 of 3rd period - David Legwand wins face-off versus Steven Stamkos in Penguins zone.
6:46 of 3rd period - Minor Penalty to Trevor Daley for Holding.
6:47 of 3rd period - Steven Stamkos wins face-off versus Vladimir Tarasenko in Nordiques zone.
6:50 of 3rd period - Snap shot by Claude Giroux.
6:50 of 3rd period - Shot Misses the Net.
6:52 of 3rd period - Wrist shot by Logan Couture.
6:52 of 3rd period - Deflect By Claude Giroux.
6:52 of 3rd period - Shot Misses the Net.
6:52 of 3rd period - Puck is out of play.
6:53 of 3rd period - Vladimir Tarasenko wins face-off versus Steven Stamkos in Nordiques zone.
6:53 of 3rd period - Vladimir Tarasenko is hit by Claude Giroux.
8:26 of 3rd period - Ales Hemsky is hit by Fedor Tyutin and loses puck.
8:46 of 3rd period - Penalty to Trevor Daley is over, Trevor Daley is back on ice.
8:55 of 3rd period - Dustin Byfuglien is hit by Ales Hemsky and loses puck.
9:43 of 3rd period - Slapshot by Ryan Ellis.
9:43 of 3rd period - Shot Blocked by Roman Josi.
9:45 of 3rd period - Snap shot by Jiri Hudler.
9:45 of 3rd period - Shot Blocked by Tomas Plekanec.
10:05 of 3rd period - Minor Penalty to Mike Fisher for Holding.
10:06 of 3rd period - Vladimir Tarasenko wins face-off versus Steven Stamkos in Nordiques zone.
10:21 of 3rd period - Wrist shot by Steven Stamkos.
10:21 of 3rd period - Stopped by Jonathan Quick without a rebound.
10:22 of 3rd period - Vladimir Tarasenko wins face-off versus Steven Stamkos in Nordiques zone.
12:05 of 3rd period - Penalty to Mike Fisher is over, Mike Fisher is back on ice.
12:20 of 3rd period - Slapshot by Ales Hemsky.
12:20 of 3rd period - Shot Hit the Post.
13:44 of 3rd period - Wrist shot by Marcus Foligno.
13:44 of 3rd period - Stopped by Jonathan Quick without a rebound.
13:45 of 3rd period - Logan Couture wins face-off versus Mike Fisher in Nordiques zone.
14:13 of 3rd period - Slapshot by Steven Stamkos.
14:13 of 3rd period - Shot Blocked by Fedor Tyutin.
14:23 of 3rd period - Ales Hemsky is hit by R.J. Umberger and loses puck.
14:44 of 3rd period - David Legwand is hit by Joe Colborne and loses puck.
15:05 of 3rd period - Wrist shot by Steven Stamkos.
15:05 of 3rd period - Stopped by Jonathan Quick with a rebound.
15:24 of 3rd period - Dougie Hamilton is hit by Tim Connolly and loses puck.
15:31 of 3rd period - Minor Penalty to Jiri Hudler for Tripping.
15:32 of 3rd period - Vladimir Tarasenko wins face-off versus Steven Stamkos in Nordiques zone.
15:43 of 3rd period - Evander Kane is hit by Steven Stamkos and loses puck.
16:52 of 3rd period - Snap shot by Mike Brown.
16:52 of 3rd period - Stopped by Michal Neuvirth without a rebound.
16:53 of 3rd period - Mike Brown wins face-off versus Joe Colborne in Penguins zone.
16:54 of 3rd period - Slapshot by Zac Rinaldo.
16:54 of 3rd period - Shot Blocked by Keith Aulie.
17:31 of 3rd period - Penalty to Jiri Hudler is over, Jiri Hudler is back on ice.
17:36 of 3rd period - Vladimir Tarasenko is hit by Dustin Brown and loses puck.
17:43 of 3rd period - Slapshot by Logan Couture.
17:43 of 3rd period - Shot Misses the Net.
17:45 of 3rd period - Slapshot by Danny DeKeiser.
17:45 of 3rd period - Shot Misses the Net.
17:47 of 3rd period - Slapshot by Marcus Foligno.
17:47 of 3rd period - Goal by Marcus Foligno - Penguins : 3 - Nordiques : 1.
17:48 of 3rd period - Maxim Talbot wins face-off versus Joe Colborne in neutral zone.
18:13 of 3rd period - Wrist shot by Claude Giroux.
18:13 of 3rd period - Shot Blocked by Maxim Talbot.
18:39 of 3rd period - Snap shot by Adam Pineault.
18:39 of 3rd period - Shot Blocked by Marcus Foligno.
18:50 of 3rd period - Icing by Fedor Tyutin.
18:51 of 3rd period - Steven Stamkos wins face-off versus Tim Connolly in Nordiques zone.
19:02 of 3rd period - Wrist shot by Tim Connolly.
19:02 of 3rd period - Stopped by Michal Neuvirth with a rebound.
19:04 of 3rd period - Snap shot by Fedor Tyutin.
19:04 of 3rd period - Shot Blocked by Joe Colborne.
19:06 of 3rd period - Slapshot by Fedor Tyutin.
19:06 of 3rd period - Stopped by Michal Neuvirth with a rebound.
19:08 of 3rd period - Slapshot by R.J. Umberger.
19:08 of 3rd period - Shot Blocked by Joe Colborne.
19:10 of 3rd period - Slapshot by Trevor Daley.
19:10 of 3rd period - Shot Misses the Net.
19:12 of 3rd period - Backhand shot by R.J. Umberger.
19:12 of 3rd period - Stopped by Michal Neuvirth with a rebound.
19:14 of 3rd period - Wrist shot by R.J. Umberger.
19:14 of 3rd period - Stopped by Michal Neuvirth with a rebound.
19:16 of 3rd period - Snap shot by R.J. Umberger.
19:16 of 3rd period - Stopped by Michal Neuvirth with a rebound.
19:18 of 3rd period - Slapshot by Tim Connolly.
19:18 of 3rd period - Stopped by Michal Neuvirth with a rebound.
19:23 of 3rd period - Minor Penalty to Joe Colborne for Hooking.
19:24 of 3rd period - Steven Stamkos wins face-off versus David Legwand in Penguins zone.
Goals for this period are 2 for Penguins vs 0 for Nordiques.
Shots for this period are 9 for Penguins vs 7 for Nordiques.
Back to the Top